 Dungeon Crawl Stone Soup version 0.19-a0-261-g60b6c46 (webtiles) character file.

26349 AlphabetPasta the Carver (level 13, -12/68 HPs)
             Began as a Vine Stalker Fighter on May 25, 2016.
             Was a High Priest of Okawaru.
             Killed from afar by an ogre mage (37 damage)
             ... with a crystal spear
             ... in a volcano on May 26, 2016.
             The game lasted 01:21:34 (12129 turns).

AlphabetPasta the Carver (Vine Stalker Fighter)    Turns: 12129, Time: 01:21:40

Health: -12/68     AC: 23    Str: 23    XL:     13   Next: 25%
Magic:  0/19       EV: 10    Int:  8    God:    Okawaru [*****.]
Gold:   469        SH:  0    Dex: 22    Spells: 0 memorised, 12 levels left

rFire  + . .     SeeInvis .     d - +5 scimitar (flame)
rCold  . . .     Gourm    .     H - +2 plate armour {rF+}
rNeg   . . .     Faith    .     (no shield)
rPois  +         Spirit   +     t - +1 helmet
rElec  .         Dismiss  .     y - +2 cloak
rCorr  .         Reflect  .     D - +0 pair of gloves
SustAt .         Harm     .     k - +0 pair of boots "Gugev" {Dex+4}
MR     +....                    (no amulet)
Stlth  ..........               P - ring of poison resistance
                                L - +3 ring of dexterity

@: somewhat resistant to hostile enchantments, extremely unstealthy
A: fangs 3, regeneration 3, magic shield, antimagic bite, no device heal 3, rot
immunity
a: Heroism, Finesse, Renounce Religion


You were in a volcano.
You worshipped Okawaru.
Okawaru was extremely pleased with you.
You were hungry.

You visited 3 branches of the dungeon, and saw 16 of its levels.
You also visited: Labyrinth and Volcano.

You collected 813 gold pieces.
You spent 344 gold pieces at shops.

Inventory:

Hand Weapons
 a - a +2 great sword
 d - a +5 scimitar of flaming (weapon)
 g - a +1 long sword of slicing
Missiles
 l - 3 silver tomahawks (quivered)
 A - 4 silver javelins
Armour
 c - a +0 shield
 k - the +0 pair of boots "Gugev" (worn) {Dex+4}
   (Okawaru gifted it to you on level 10 of the Dungeon)

   It affects your dexterity (+4).
 t - a +1 helmet (worn)
 y - a +2 cloak (worn)
 D - a +0 pair of gloves (worn)
 H - a +2 plate armour of fire resistance (worn)
Jewellery
 E - an uncursed ring of sustain attributes
 L - a +3 ring of dexterity (left hand)
 P - a ring of poison resistance (right hand)
Wands
 q - a wand of paralysis (6/24)
 K - a wand of lightning (10/15)
 M - a wand of random effects (26/48)
 O - a wand of disintegration (10/24)
 S - a wand of digging (19/24)
 V - a wand of random effects (10/48)
 W - a wand of acid (10/15)
Scrolls
 i - 4 scrolls of remove curse
 m - 3 scrolls of enchant armour
 n - 2 scrolls of fog
 w - 7 scrolls of teleportation
 z - 3 scrolls of fear
Potions
 b - a potion of haste
 e - a potion of cancellation
 h - a potion of brilliance
 o - 2 potions of cure mutation
 s - a potion of agility
 u - 2 potions of curing
 x - 2 potions of flight
 Q - 2 potions of ambrosia
 T - a potion of resistance {unknown}
Miscellaneous
 v - a fan of gales
 Y - a lamp of fire
Comestibles
 f - 13 bread rations
 j - 51 fruits
 p - 14 chunks of flesh
 r - 3 meat rations


   Skills:
 + Level 8.1 Fighting
 * Level 11.0 Long Blades
 - Level 2.0 Throwing
 + Level 7.6 Armour
 - Level 4.8 Dodging
 + Level 8.5 Shields
 + Level 7.6 Invocations
 + Level 5.4 Evocations


You had 12 spell levels left.
You didn't know any spells.

Dungeon Overview and Level Annotations

Branches:
Dungeon (10/15)            Temple (1/1) D:6            Lair (5/8) D:9
  Swamp (0/4) Lair:4
  Snake: Lair:3-6    Spider: Lair:3-6       Orc: D:9-12

Altars:
Ashenzari
Cheibriados
Dithmenos
Elyvilon
Fedhas
Gozag
Hepliaklqana
Kikubaaqudgha
Makhleb
Nemelex Xobeh
Okawaru
Pakellas
Qazlal
Ru
Sif Muna
Trog
Ukayaw
Vehumet
Xom
Yredelemnul
Zin
The Shining One

Shops:
D:9 =

Portals:
Ice
Cave: Lair:5

Annotations:
Lair:1 Ultraviolent4's ghost, journeyman MiBe


Innate Abilities, Weirdness & Mutations

You have razor-sharp teeth.
You regenerate.
When hurt, damage is shared between your health and your magic reserves.
Your bite disrupts and absorbs the magic of your enemies.
Potions and wands cannot restore your health.
You are immune to rotting.


Message History

The ogre mage mumbles some strange words.
The ogre mage blinks!
The hill giant barely misses you.
You hit the hill giant. You burn the hill giant.
The hill giant is heavily wounded.
You hit the hill giant but do no damage.
You bite the hill giant. You drain its power.
The hill giant is heavily wounded.
The hill giant barely misses you.
Your plate armour prevents you from hitting the hill giant.
You bite the hill giant! You drain its power.
The hill giant is severely wounded.
The hill giant hits you with a great mace of flaming!
The hill giant burns you.
You hit the hill giant. You burn the hill giant. You bite the hill giant.
You drain its power.
You feel invigorated.
The hill giant is almost dead.
The ogre mage casts a spell at you. The crystal spear hits you!
Ouch! That really hurt!
You die...

§ §≈§### §§###)
≈ ≈##.#! #§≈
#..'.[.$.+
≈≈≈§##.O'.O_..+
≈≈≈≈#...#.....#
§≈≈≈#.C)#######
§≈≈≈#..@+!!.[[+
≈≈§≈#...#..≈..#
#§§§#...#8≈≈≈8#
≈≈§ ##..'..≈..+
≈ #..'.....+
≈##.#8...8# #≈
≈§###.....###≈≈
≈≈≈≈≈...§§≈§§§§
#≈≈≈§8...8§≈§§≈


You could see a hill giant and an ogre mage.

Vanquished Creatures
  A minotaur (Lab)
  3 hydras
  Fannar (D:10)
  A centaur warrior (D:10)
  Erica (D:8)
  2 hill giants
  A griffon (Lair:5)
  3 black mambas
  Joseph (D:8)
  5 elephants (Lair:5)
  5 torpor snails (Lair:3)
  A centaur skeleton (D:8)
  3 spiny frogs (Lair:4)
  A rime drake (Lair:4)
  6 komodo dragons
  A troll (D:10)
  A two-headed ogre (D:10)
  A boulder beetle (Lair:3)
  14 yaks
  A wyvern (Lair:3)
  4 basilisks
  A hungry ghost (D:8)
  7 hippogriffs
  2 water moccasins
  A black bear (Lair:4)
  3 orc warriors
  9 ice beasts
  7 porcupines
  3 phantoms
  7 wolves
  4 ogres
  5 centaurs
  6 crocodiles
  2 big kobolds
  19 giant frogs
  A wyvern skeleton (D:10)
  A scorpion (D:6)
  A water moccasin skeleton (D:5)
  8 killer bees
  7 wights
  A howler monkey (D:7)
  2 crimson imps
  2 giant frog zombies
  A quasit (D:6)
  A centaur zombie (D:7)
  3 jellies
  3 hounds
  3 orc priests
  11 orc wizards
  Jessica (D:2)
  16 iguanas
  10 worker ants
  14 sheep (Lair:4)
  4 hound skeletons
  A worker ant zombie (D:10)
  12 adders
  16 river rats
  An ooze (D:1)
  2 adder skeletons
  5 adder zombies
  5 worms
  A dart slug (D:4)
  4 giant geckos
  26 orcs
  15 bats
  3 giant cockroaches
  7 goblins
  4 hobgoblins
  15 jackals
  14 kobolds
  4 quokkas
  2 ball pythons
  A giant newt (D:6)
  A jackal skeleton (D:7)
  5 rats
  A fungus (Lair:4)
368 creatures vanquished.

Vanquished Creatures (others)
  A giant frog skeleton (D:7)
  An orc wizard (D:8)
  5 fungi
  2 plants (Lair:3)
9 creatures vanquished.

Grand Total: 377 creatures vanquished

Notes
Turn   | Place    | Note
--------------------------------------------------------------
     0 | D:1      | AlphabetPasta the Vine Stalker Fighter began the quest for the Orb.
     0 | D:1      | Reached XP level 1. HP: 11/11 MP: 2/2
    64 | D:1      | Reached skill level 2 in Long Blades
    72 | D:1      | Reached XP level 2. HP: 16/16 MP: 3/3
   307 | D:1      | Reached XP level 3. HP: 19/19 MP: 4/4
   721 | D:2      | Noticed Jessica
   725 | D:2      | Killed Jessica
   725 | D:2      | Reached XP level 4. HP: 24/24 MP: 5/5
   950 | D:2      | Reached skill level 1 in Dodging
  1197 | D:3      | Reached skill level 3 in Long Blades
  1430 | D:3      | Reached XP level 5. HP: 28/28 MP: 6/6
  2143 | D:4      | Noticed an orc warrior
  2206 | D:4      | HP: 1/28 [orc warrior/short sword (2)]
  2306 | D:4      | Noticed an ogre
  2370 | D:3      | Killed an ogre
  2370 | D:3      | Gained mutation: You heal very quickly. [Vine Stalker growth]
  2370 | D:3      | Reached XP level 6. HP: 7/32 MP: 1/7
  2676 | D:3      | Killed an orc warrior
  2676 | D:3      | Reached skill level 4 in Long Blades
  2953 | D:4      | Reached XP level 7. HP: 31/36 MP: 8/8
  3233 | D:5      | Entered Level 5 of the Dungeon
  3394 | D:5      | Found a bloodstained altar of Trog.
  3414 | D:5      | Found a deep blue altar of Sif Muna.
  3635 | D:5      | Reached skill level 1 in Throwing
  3635 | D:5      | Gained mutation: You have razor-sharp teeth. [Vine Stalker growth]
  3635 | D:5      | Reached XP level 8. HP: 41/42 MP: 9/9
  3721 | D:5      | Reached skill level 5 in Long Blades
  3998 | D:6      | Found a staircase to the Ecumenical Temple.
  4027 | Temple   | Entered the Ecumenical Temple
  4046 | Temple   | Became a worshipper of Warmaster Okawaru
  4245 | D:5      | Found a shimmering altar of Xom.
  4245 | D:5      | Found a shadowy altar of Dithmenos.
  4336 | D:6      | Reached skill level 6 in Long Blades
  4336 | D:6      | Reached skill level 1 in Invocations
  4336 | D:6      | Reached XP level 9. HP: 42/46 MP: 10/10
  4411 | D:6      | Found a sparkling altar of Nemelex Xobeh.
  4588 | D:6      | Found an opulent altar of Gozag.
  4697 | D:7      | Found a shattered altar of Ashenzari.
  4906 | D:7      | Reached skill level 5 in Shields
  4917 | D:7      | Reached * piety under Okawaru
  4959 | D:7      | Reached skill level 5 in Fighting
  5519 | D:8      | Noticed Joseph
  5575 | D:8      | Killed Joseph
  5575 | D:8      | Reached ** piety under Okawaru
  5575 | D:8      | Reached skill level 7 in Long Blades
  5635 | D:8      | Noticed Erica
  5642 | D:8      | Noticed a four-headed hydra
  5780 | D:8      | Killed Erica
  5780 | D:8      | Reached skill level 5 in Armour
  5780 | D:8      | Reached XP level 10. HP: 42/53 MP: 11/13
  5931 | D:8      | Killed a one-headed hydra
  5931 | D:8      | Reached *** piety under Okawaru
  5931 | D:8      | Reached skill level 8 in Long Blades
  6277 | D:9      | Found a staircase to the Lair.
  6576 | D:9      | Found a radiant altar of Vehumet.
  6577 | D:9      | Found a burning altar of Makhleb.
  6580 | D:9      | Reached skill level 1 in Evocations
  6642 | D:9      | Found Segiet's Jewellery Shoppe.
  6660 | D:9      | Found a stormy altar of Qazlal.
  6848 | D:9      | Found a white marble altar of Elyvilon.
  7197 | D:9      | Found a blossoming altar of Fedhas.
  7242 | Lair:1   | Entered Level 1 of the Lair of Beasts
  7242 | Lair:1   | Noticed a black mamba
  7258 | D:9      | HP: 2/53 [black mamba (7)]
  7260 | D:9      | Killed a black mamba
  7411 | Lair:1   | Found a hazy altar of Hepliaklqana.
  7486 | Lair:1   | Noticed a black mamba
  7494 | Lair:1   | Killed a black mamba
  7494 | Lair:1   | Reached **** piety under Okawaru
  7494 | Lair:1   | Reached XP level 11. HP: 49/56 MP: 13/15
  7610 | Lair:1   | Noticed Ultraviolent4's ghost (journeyman MiBe)
  8292 | D:9      | Bought a cursed amulet of inaccuracy for 26 gold pieces
  8292 | D:9      | Bought an uncursed ring of poison resistance for 260 gold pieces
  8292 | D:9      | Bought a cursed ring of loudness for 58 gold pieces
  8321 | D:10     | Entered Level 10 of the Dungeon
  8364 | D:9      | Received a gift from Okawaru
  8437 | D:10     | Reached skill level 9 in Long Blades
  8437 | D:10     | Reached skill level 5 in Invocations
  8483 | D:10     | Noticed a hill giant
  8493 | D:10     | Killed a hill giant
  8544 | D:10     | Reached ***** piety under Okawaru
  8649 | D:10     | Noticed a centaur warrior
  8660 | D:10     | Killed a centaur warrior
  8774 | D:10     | Noticed Fannar
  8821 | D:10     | Killed Fannar
  8821 | D:10     | Received a gift from Okawaru
  8830 | D:10     | Got a pair of faintly glowing boots {god gift}
  8836 | D:10     | Identified the +0 pair of boots "Gugev" {Dex+4} (Okawaru gifted it to you on level 10 of the Dungeon)
  9348 | Lair:2   | Gained mutation: You regenerate. [Vine Stalker growth]
  9348 | Lair:2   | Reached XP level 12. HP: 63/63 MP: 17/17
  9960 | Lair:3   | Found a snail-covered altar of Cheibriados.
 10025 | Lair:3   | Reached skill level 10 in Long Blades
 10142 | Lair:3   | Noticed a seven-headed hydra
 10153 | Lair:3   | Killed a three-headed hydra
 10208 | Lair:3   | Found a shattered altar of Ashenzari.
 10983 | Lair:4   | Found a labyrinth entrance.
 11006 | Lab      | Entered a labyrinth
 11152 | Lab      | Noticed a minotaur
 11158 | Lab      | Killed a minotaur
 11168 | Lab      | Identified Sif Muna's Volume of Enhancements
 11169 | Lab      | Got a dull robe
 11485 | Lair:4   | Noticed a four-headed hydra
 11494 | Lair:4   | Killed a one-headed hydra
 11494 | Lair:4   | Reached skill level 5 in Evocations
 11512 | Lair:4   | Reached XP level 13. HP: 57/68 MP: 17/19
 11515 | Lair:4   | Found a staircase to the Swamp.
 11992 | Lair:5   | Found a frozen archway.
 12027 | Lair:5   | Received a gift from Okawaru
 12042 | Lair:5   | Reached skill level 11 in Long Blades
 12084 | Lair:5   | Found a dark tunnel.
 12092 | Volcano  | Entered a volcano
 12111 | Volcano  | Found a burning altar of Makhleb.
 12129 | Volcano  | Killed from afar by an ogre mage

Vault maps used:
D:1:      elethiomel_arrival_shortcut, minmay_misc_feat_doors
D:2:      uniq_jessica
D:3:      serial_forest, infiniplex_forest_end_2,
          infiniplex_forest_clump_double, infiniplex_forest_side_room,
          infiniplex_forest_straight_1, infiniplex_forest_lined_2,
          infiniplex_forest_straight_3
D:5:      nicolae_overflow_hidden_temple, first_bread,
          minmay_misc_feat_secret_circle
D:6:      nemelex_altar_shiori, minmay_temple_entry_mist, basic_altar
D:7:      nicolae_ashenzari_panopticon
D:8:      uniq_erica, uniq_joseph
D:9:      grunt_temple_overflow_lords_of_destruction, elyvilon_altar_4,
          nicolae_overflow_crystal_walls, due_lair_maze_entry_diamond,
          serial_shops, nicolae_shop_statue_plus, hangedman_tree_tricks
D:10:     uniq_fannar
Temple:   circular_temple_12
Lair:1:   basic_altar, grunt_forest_large_clearings
Lair:2:   patterned_corridor, grunt_megastairs_3
Lair:3:   beast_lair_carwin_large_3, basic_altar, st_stairs_12,
          serial_bayou_pond_d, kennysheep_snail_temple, lemuel_fruit_tree
Lair:4:   swamp_mist, lab_entry_generic
Lair:5:   portal_ice_cave_entry_ice_beasts, lightli_volcano_entry_magma_tube,
          serial_bayou_shore_b
Lab:      labyrinth_mini_lab, nicolae_lab_plus, labyrinth_lava_lair,
          labyrinth_fake_exit, lab_hedge, lab_block, labyrinth_skeletal_remains,
          lab_fountain, nicolae_lab_very_dead_end, nicolae_lab_swirl,
          lab_statue, nicolae_lab_do_over, nicolae_lab_stuck, nicolae_lab_garden
Volcano:  kennysheep_volcano_temple

Skill      XL: |  1  2  3  4  5  6  7  8  9 10 11 12 13 |
---------------+----------------------------------------+-----
Long Blades    | 2 3 4 6 7 8 9 10 11 | 11.0
Fighting       | 3 4 5 6 7 8 |  8.1
Shields        | 3 4 5 6 7 8 |  8.5
Dodging        | 1 2 3 4 |  4.8
Armour         | 3 4 5 6 7 |  7.6
Throwing       | 1 2 |  2.0
Invocations    | 1 3 4 6 7 |  7.6
Evocations     | 1 3 5 |  5.4

Action                   |  1- 3 |  4- 6 |  7- 9 | 10-12 | 13-15 || total
-------------------------+-------+-------+-------+-------+-------++-------
Melee: Long sword        |    91 |   166 |   357 |     2 |       ||   616
       Bite              |    24 |    57 |    99 |   299 |    53 ||   532
       Scimitar          |       |       |       |   680 |    88 ||   768
       Punch             |       |       |       |       |     1 ||     1
Throw: Tomahawk          |       |       |       |    22 |       ||    22
Invok: Heroism           |       |       |       |     1 |     1 ||     2
Evoke: Wand              |       |       |       |    32 |       ||    32
  Use: Scroll            |       |    10 |    12 |    11 |     6 ||    39
       Potion            |       |     2 |     2 |     5 |       ||     9
  Eat: Chunk             |       |     7 |     9 |    17 |     2 ||    35
       Pizza             |       |       |     1 |       |       ||     1
       Beef jerky        |       |       |       |     2 |       ||     2
Armor: Scale mail        |    42 |    48 |       |       |       ||    90
       Plate armour      |       |     4 |   197 |   280 |    73 ||   554
Dodge: Dodged            |    26 |    43 |    56 |   196 |    47 ||   368
Block: Shield            |    46 |    68 |   112 |   240 |       ||   466
